 Dungeon Crawl Stone Soup version 0.18-a0-1551-g40744a8 (webtiles) character file.

244 gorblad the Cutter (level 5, -14/42 HPs)
             Began as a Vampire Fighter on Mar 11, 2016.
             Was an Initiate of Dithmenos.
             Demolished by Menkaure (15 damage)
             ... on level 4 of the Dungeon.
             The game lasted 00:07:28 (3152 turns).

gorblad the Cutter (Vampire Fighter)                Turns: 3152, Time: 00:07:28

Health: -14/42     AC:  7    Str: 16    XL:     5   Next: 83%
Magic:  5/5        EV:  8    Int: 10    God:    Dithmenos [......]
Gold:   163        SH: 10    Dex: 14    Spells: 0 memorised, 4 levels left

rFire  . . .     SeeInvis +     j - +1 dagger (vamp)
rCold  + . .     Gourm    .     b - +0 scale mail
rNeg   + + .     Faith    .     c - +2 shield
rPois  +         Spirit   .     (no helmet)
rElec  .         Dismiss  .     (no cloak)
rCorr  .         Reflect  .     (no gloves)
SustAt .         Harm     .     i - +0 pair of boots
MR     .....                    (no amulet)
Stlth  ..........               (no ring)
                                (no ring)

@: regenerating slowly, not resistant to hostile enchantments, extremely
unstealthy
A: fangs 3, see invisible, unbreathing
a: Bat Form, Renounce Religion


You were on level 4 of the Dungeon.
You worshipped Dithmenos.
Dithmenos was noncommittal.
You were very thirsty.

You visited 1 branch of the dungeon, and saw 4 of its levels.

You collected 163 gold pieces.

Inventory:

Hand Weapons
 a - a +0 long sword
 j - a +1 vampiric dagger (weapon)
Armour
 b - a +0 scale mail (worn)
 c - a +2 shield (worn)
 i - a +0 pair of boots (worn)
Jewellery
 o - an uncursed ring of positive energy {unknown}
Scrolls
 d - 3 scrolls of identify
 f - a scroll of blinking
 l - a scroll of recharging {unknown}
 m - 3 scrolls of remove curse
 p - a scroll of amnesia {unknown}
 q - a scroll of enchant armour
Potions
 e - 24 potions of blood
 h - a potion of resistance {unknown}
 k - a potion of agility {unknown}
 n - a potion of lignification {unknown}


   Skills:
 - Level 4.0 Fighting
 + Level 4.2(4.5) Short Blades
 - Level 2.0(3.1) Long Blades
 - Level 2.4 Armour
 - Level 2.6 Dodging
 - Level 2.6 Shields


You had 4 spell levels left.
You didn't know any spells.

Dungeon Overview and Level Annotations

Branches:
Dungeon (4/15)
 Temple: D:4-7

Altars:
Dithmenos
Makhleb
Pakellas
Sif Muna
Trog

Annotations:
D:4 Menkaure


Innate Abilities, Weirdness & Mutations

You heal slowly.
You have razor-sharp teeth.
You have supernaturally acute eyesight.
You can survive without breathing.


Message History

You feel better. The worker ant bites you. You block Menkaure's attack.
Drink which item? (? for menu, Esc to quit)
You feel better. Menkaure hits you!! The worker ant closely misses you.
You hit Menkaure but do no damage.
Menkaure is moderately damaged.
You block Menkaure's attack. The worker ant bites you.
* * * LOW HITPOINT WARNING * * *
You hit Menkaure but do no damage.
Menkaure is moderately damaged.
You block Menkaure's attack. The worker ant bites you.
* * * LOW HITPOINT WARNING * * *
You hit Menkaure.
Menkaure is moderately damaged.
Menkaure hits you!
* * * LOW HITPOINT WARNING * * *
You block the worker ant's attack.
You hit Menkaure.
Menkaure is heavily damaged.
Menkaure hits you!
You die...

.# .# .# ##.
... ###.#####.#
#####..M......#
......a@###
.......<..#
........#.#
....$.<.....
........#$..#
.)......#####
.........
........#
........#


You could see Menkaure and a worker ant.

Vanquished Creatures
  An ogre (D:3)
  Ijyb (D:3)
  7 adders
  An ooze (D:3)
  A dart slug (D:1)
  2 giant geckos (D:1)
  2 orcs (D:3)
  3 giant cockroaches
  9 goblins
  9 hobgoblins
  10 kobolds
  A quokka (D:3)
  A ball python (D:1)
  3 bats (D:2)
  4 giant newts
  8 rats
63 creatures vanquished.

Notes
Turn   | Place    | Note
--------------------------------------------------------------
     0 | D:1      | gorblad the Vampire Fighter began the quest for the Orb.
     0 | D:1      | Reached XP level 1. HP: 17/17 MP: 1/1
   234 | D:1      | Reached XP level 2. HP: 24/24 MP: 2/2
   876 | D:2      | Reached XP level 3. HP: 26/30 MP: 3/3
  1060 | D:2      | Reached skill level 1 in Dodging
  1308 | D:2      | Found a faded altar to an unknown god.
  1612 | D:2      | Found a shadowy altar of Dithmenos.
  1616 | D:2      | Found an oddly glowing altar of Pakellas.
  1672 | D:2      | Reached XP level 4. HP: 30/37 MP: 4/4
  1677 | D:2      | Found a burning altar of Makhleb.
  2431 | D:2      | Reached skill level 1 in Short Blades
  2456 | D:3      | Noticed Ijyb
  2504 | D:3      | Killed Ijyb
  2519 | D:3      | Noticed an ogre
  2528 | D:3      | Killed an ogre
  2528 | D:3      | Reached XP level 5. HP: 42/42 MP: 5/5
  2926 | D:3      | Found a deep blue altar of Sif Muna.
  3048 | D:2      | Found a bloodstained altar of Trog.
  3059 | D:2      | Became a worshipper of Dithmenos the Shadowed
  3130 | D:4      | Noticed Menkaure
  3151 | D:4      | HP: 1/42 [Menkaure (8)]
  3152 | D:4      | Demolished by Menkaure

Vault maps used:
D:1:      enne_arrival_octagon_isle, minmay_hedge_maze
D:2:      nicolae_overflow_hidden_temple, ecumenical_altar_2
D:3:      led_sif_book, uniq_iyjb
D:4:      enter_ossuary_2, first_bread, minmay_misc_feat_nine_boxes,
          uniq_menkaure, uniq_blork_the_orc, uniq_robin

Skill      XL: |  1  2  3  4  5 |
---------------+----------------+-----
Fighting       | 3 4 |  4.0
Dodging        | 2 |  2.6
Short Blades   | 3 4 |  4.2
Long Blades    | |  2.0
Armour         | |  2.4
Shields        | |  2.6

Action                   |  1- 3 |  4- 6 || total
-------------------------+-------+-------++-------
Melee: Long sword        |   110 |    33 ||   143
       Dagger            |       |   134 ||   134
  Use: Scroll            |     7 |     2 ||     9
       Potion            |     1 |     9 ||    10
